 Dungeon Crawl Stone Soup version 0.24-a0-333-g864f2b5 (webtiles) character file.

Game seed: 10705465853725432347

72 MatthieuS the Magician (level 4, 0/24 HPs)
             Began as a Deep Elf Ice Elementalist on May 17, 2019.
             Slain by Grinder (6 damage)
             ... on level 3 of the Dungeon.
             The game lasted 00:02:41 (1839 turns).

MatthieuS the Magician (Deep Elf Ice Elementalist)  Turns: 1839, Time: 00:02:41

Health: 0/24       AC:  2    Str:  5    XL:     4   Next: 7%
Magic:  7/12       EV: 13    Int: 21    God:
Gold:   69         SH:  0    Dex: 15    Spells: 5/11 levels left

rFire    + . .     SeeInvis .   a - +0 dagger
rCold    . . .     Gourm    .   (no shield)
rNeg     . . .     Faith    .   b - +0 robe
rPois    .         Spirit   .   (no helmet)
rElec    .         Reflect  .   (no cloak)
rCorr    .         Harm     .   (no gloves)
MR       .....                  (no boots)
Stlth    +++.......             (no amulet)
HPRegen  0.08/turn              f - ring of stealth
MPRegen  0.13/turn              i - ring of protection from fire

@: no status effects
A: no striking features
a: no special abilities


You were on level 3 of the Dungeon.
You were not hungry.

You visited 1 branch of the dungeon, and saw 3 of its levels.

You collected 69 gold pieces.

Inventory:

Hand Weapons
 a - a +0 dagger (weapon)
   (You took it off a kobold on level 1 of the Dungeon)
Armour
 b - a +0 robe (worn)
Jewellery
 f - a ring of stealth (left hand)
   (You found it on level 1 of the Dungeon)
 i - a ring of protection from fire (right hand)
   (You found it on level 2 of the Dungeon)
Scrolls
 c - a scroll of remove curse {unknown}
 g - a scroll of teleportation {unknown}
 k - a scroll of identify {unknown}
Potions
 d - a potion of flight {unknown}
 j - a potion of curing {unknown}
Comestibles
 e - 3 rations
 h - a chunk of flesh


   Skills:
 + Level 0.5 Fighting
 - Level 2.4 Dodging
 - Level 2.4 Stealth
 + Level 4.4 Spellcasting
 + Level 1.5 Conjurations
 + Level 4.3 Ice Magic


You had 5 spell levels left.
You knew the following spells:

 Your Spells              Type           Power        Failure   Level  Hunger
a - Freeze                Ice            ###.         1%          1    None
b - Throw Frost           Conj/Ice       ###...       5%          2    #......
c - Ozocubu's Armour      Chrm/Ice       ##......     14%         3    ##.....

Your spell library contained the following spells:

 Spells                   Type           Power        Failure   Level  Hunger
 Throw Icicle             Conj/Ice       ###.....     34%         4    ####...
 Summon Ice Beast         Ice/Summ       ##......     43%         4    ####...


Dungeon Overview and Level Annotations

Branches:
Dungeon (3/15)

Altars:

Annotations:
D:3 Grinder


Message History

You butcher the adder corpse.
h - 3 chunks of flesh (gained 2)
You see here an adder skeleton.
You open the door.
Found a scroll labeled CEN ICEGILEURA.
There is an open door here.
k - a scroll labeled CEN ICEGILEURA You open the door.
There is an open door here.
Some of the chunks of flesh in your inventory have rotted away.
You open the door.
There is an open door here.
There is an open door here.
Eating one of 2 chunks of flesh.
You eat one of the 2 chunks of flesh.
Done exploring.
Done exploring.
Done exploring.
There is an open door here.
There is an open door here.
There is a stone staircase leading down here.
You climb downwards.
A hobgoblin, Grinder and a zombie come into view.
Found four items.
There is a stone staircase leading up here.
Aim: a hobgoblin, wielding a +0 club (resting)
You freeze the hobgoblin.
The hobgoblin shouts!
Grinder shouts!
The hobgoblin hits you with a +0 club.
Aim: a hobgoblin, wielding a +0 club (moderately wounded)
You freeze the hobgoblin!
You kill the hobgoblin!
Aim: a worker ant zombie The worker ant zombie completely resists.
You freeze the worker ant zombie but do no damage.
The worker ant zombie closely misses you.
Aim: a worker ant zombie The worker ant zombie resists.
You freeze the worker ant zombie.
The worker ant zombie closely misses you.
Aim: a worker ant zombie (lightly damaged)
The worker ant zombie completely resists.
You freeze the worker ant zombie but do no damage.
The worker ant zombie bites you but does no damage.
Grinder hits you!
* * * LOW HITPOINT WARNING * * *
You writhe in agony.
* * * LOW HITPOINT WARNING * * *
The worker ant zombie bites you.
* * * LOW HITPOINT WARNING * * *
Grinder hits you.
You die...

.# .# .# #
######.#
..#......#
........%##
..!....5..#
......Z@..#
.......)..#
......?...#
..........#
..........#
?.......#.#
#..#####..#
..# .##


You could see Grinder and a worker ant zombie.

Vanquished Creatures
  4 adders (D:2)
  An ooze (D:1)
  A dart slug (D:1)
  A leopard gecko (D:2)
  4 bats (D:1)
  3 giant cockroaches
  4 goblins
  4 hobgoblins
  A quokka (D:2)
  A frilled lizard (D:2)
  2 kobolds (D:1)
  5 rats
31 creatures vanquished.

Notes
Turn   | Place    | Note
-------+----------+-------------------------------------------
     0 | D:1      | MatthieuS the Deep Elf Ice Elementalist began the quest for
                  | the Orb.
     0 | D:1      | Reached XP level 1. HP: 10/10 MP: 6/6
   443 | D:1      | Reached XP level 2. HP: 13/15 MP: 4/8
  1089 | D:2      | Reached XP level 3. HP: 19/19 MP: 6/10
  1120 | D:2      | Learned a level 2 spell: Throw Frost
  1124 | D:2      | Learned a level 3 spell: Ozocubu's Armour
  1638 | D:2      | Reached XP level 4. HP: 24/24 MP: 8/12
  1833 | D:3      | Noticed Grinder
  1839 | D:3      | Slain by Grinder

Levels and vault maps discovered:
D:1:      lemuel_arrival_tunnels, layout_basic
D:2:      layout_loops_corners
D:3:      layout_rooms, lemuel_crystal_altar, serial_forest,
          infiniplex_forest_clump_curved, infiniplex_forest_clump_small,
          infiniplex_forest_clump_diagonal, infiniplex_forest_corner_2,
          uniq_grinder

Skill      XL: |  1  2 |
---------------+-------+-----
Spellcasting   | 4 |  4.4
Ice Magic      | 4 |  4.3
Fighting       | |  0.5
Dodging        | |  2.4
Stealth        | |  2.4
Conjurations   | |  1.5

Action                   |  1- 3 |  4- 6 || total
-------------------------+-------+-------++-------
Melee: Unarmed           |     1 |       ||     1
       Dagger            |     2 |       ||     2
 Cast: Freeze            |    46 |     6 ||    52
       Throw Frost       |     1 |       ||     1
 Stab: Distracted        |     1 |       ||     1
  Eat: Chunk             |     2 |     1 ||     3
Armor: Robe              |     7 |     1 ||     8
Dodge: Dodged            |    24 |     2 ||    26

Table legend:
 A = Non-vault XP
 B = Vault XP
 C = Vault XP percentage of total XP
 D = Non-vault monster count
 E = Vault monster count
 F = Vault count percentage of total count
                 A         B        C        D         E       F
            +---------+---------+-------+---------+---------+-------
      Total |     104 |       0 |   0.0 |      31 |       0 |   0.0
            +---------+---------+-------+---------+---------+-------
        D:1 |      34 |       0 |   0.0 |      18 |       0 |   0.0
        D:2 |      68 |       0 |   0.0 |      12 |       0 |   0.0
        D:3 |       2 |       0 |   0.0 |       1 |       0 |   0.0
            +---------+---------+-------+---------+---------+-------
